[Event "Titled Tuesday Blitz July 18 Early 2023"]
[White "Putri, Regita Desyari"]
[Black "ivana_999"]
[WhiteFideId "7109083"]
[WhiteElo "2251"]
[BlackElo "1966"]
[Result "1-0"]
[Round "6"]
[TimeControl "180+2"]
[Date "2023.07.18"]
[WhiteClock "0:00:06"]
[BlackClock "0:00:00"]
[Board "187"]

1. e4 e6 2. d4 d5 3. Nd2 Nc6 4. c3 e5 5. Ngf3 dxe4 6. Nxe5 Nxe5 7. dxe5 Bf5 8. Qa4+ Qd7 9. Qxd7+ Kxd7 10. Be2 Ne7 11. g4 Bg6 12. Nc4 Nc6 13. a4 Re8 14. Bf4 a5 15. Rd1+ Kc8 16. h4 h6 17. h5 Bh7 18. O-O Be7 19. Rfe1 Rd8 20. Rxd8+ Rxd8 21. Rd1 Rxd1+ 22. Bxd1 Bg5 23. Bg3 Be7 24. Kf1 Bc5 25. Ke2 Kd7 26. Bb3 f5 27. gxf5 Bxf5 28. Ne3 Bxe3 29. Kxe3 Bg4 30. Kxe4 Bxh5 31. e6+ Ke7 32. Bxc7 Bg6+ 33. Kd5 Bf5 34. Bd6+ Ke8 35. Kc5 h5 36. Kb6 h4 37. Kxb7 Ne7 38. Ka6 g5 39. Kxa5 g4 40. Bh2 Ng6 41. Kb6 1-0


[Site "https://www.chess.com"]

[Event "Titled Tuesday Blitz July 18 Early 2023"]
[White "Skiadopoulos, Nikolaos"]
[Black "Granados Diaz, Maria Esther"]
[WhiteFideId "4200772"]
[BlackFideId "6101488"]
[WhiteElo "1903"]
[BlackElo "2245"]
[Result "1-0"]
[Round "6"]
[TimeControl "180+2"]
[Date "2023.07.18"]
[WhiteClock "0:00:12"]
[BlackClock "0:00:23"]
[Board "188"]

1. e4 c5 2. d4 Nc6 3. d5 Nb8 4. Be3 d6 5. Bb5+ Bd7 6. a4 Nf6 7. Nc3 g6 8. e5 dxe5 9. Bxc5 Bxb5 10. axb5 b6 11. Be3 Nbd7 12. Nf3 Bg7 13. O-O O-O 14. h3 Qc7 15. Qd2 Rfd8 16. Bh6 Nc5 17. Bxg7 Kxg7 18. Rfe1 e4 19. Nd4 Nxd5 20. Nxe4 Nxe4 21. Rxe4 e5 22. Nc6 Nf6 23. Qe3 Nxe4 24. Nxd8 Rxd8 25. Qxe4 Qc5 26. Rxa7 Rd1+ 27. Kh2 Qxf2 28. Qxe5+ Kh6 29. Ra4 Rg1 30. Qf4+ Qxf4+ 31. Rxf4 f5 32. Kxg1 Kg5 33. Rf3 h5 34. Kf2 Kf6 35. g3 g5 36. Rc3 Ke5 37. Rc6 g4 38. Rxb6 gxh3 39. Rh6 f4 40. Rxh5+ Ke4 41. gxf4 h2 42. Rxh2 Kxf4 43. b6 Kg4 44. b7 Kf4 45. b8=Q+ Kg4 46. Qf8 Kg5 47. Rg2+ Kh4 48. Qh6# 1-0


[Site "https://www.chess.com"]

[Event "Titled Tuesday Blitz July 18 Early 2023"]
[White "Cardozo Munar, Carlos Eduardo"]
[Black "Kiseleva, Arina"]
[WhiteFideId "4409477"]
[BlackFideId "4164989"]
[WhiteElo "2278"]
[BlackElo "2194"]
[Result "0-1"]
[Round "6"]
[TimeControl "180+2"]
[Date "2023.07.18"]
[WhiteClock "0:00:22"]
[BlackClock "0:00:05"]
[Board "189"]

1. e4 c6 2. Nf3 d5 3. Nc3 dxe4 4. Nxe4 Nf6 5. Nxf6+ exf6 6. Bc4 Bc5 7. O-O O-O 8. d4 Bb6 9. h3 Bc7 10. Re1 Bf5 11. c3 Bg6 12. Qb3 b5 13. Bf1 Bh5 14. g4 Bg6 15. Bg2 Qd6 16. Bd2 Nd7 17. Re2 Bd3 18. Re3 Bc4 19. Qc2 Bd5 20. a4 a6 21. Rae1 g6 22. Re7 Bxf3 23. Bxf3 Qh2+ 24. Kf1 Qxh3+ 25. Ke2 Rae8 26. Qe4 f5 27. gxf5 Nf6 28. Qe3 Rxe7 29. Qxe7 Re8 30. Qxe8+ Nxe8 31. fxg6 hxg6 32. axb5 axb5 33. Rh1 Qe6+ 34. Kd1 Nf6 35. Re1 Qf5 36. Bxc6 b4 37. f3 bxc3 38. bxc3 Bf4 39. Be4 Qg5 40. Bxf4 Qxf4 41. Bc6 Qd6 42. Bd5 Nxd5 43. Kd2 Qa3 44. Rc1 Kg7 45. Kd3 Qa6+ 46. c4 Nb6 47. d5 Nxd5 48. Kd4 Nb4 49. Rb1 Nc6+ 50. Kd5 Qc8 51. Rb6 Ne7+ 52. Kd4 Nf5+ 53. Kc3 g5 54. Kb4 Qf8+ 55. c5 Nd4 56. Kc4 Ne6 57. c6 Qc5+ 58. Kd3 Qxb6 59. Ke2 Qxc6 60. Kf2 Nf4 61. Kg3 Qc5 62. Kg4 Ne6 63. Kg3 Nd4 64. Kg4 Qc3 65. Kh5 Qxf3+ 66. Kxg5 Qf5+ 67. Kh4 Qg6 68. Kh3 Nf5 69. Kh2 Qg4 70. Kh1 Kf6 71. Kh2 Ke5 72. Kh1 Kf4 73. Kh2 Kf3 74. Kh1 Qg2# 0-1


[Site "https://www.chess.com"]

[Event "Titled Tuesday Blitz July 18 Early 2023"]
[White "Corredor Castellanos, Camilo"]
[Black "Gyulamiryan-koryun"]
[WhiteFideId "4425871"]
[WhiteElo "2407"]
[BlackElo "1866"]
[Result "1-0"]
[Round "6"]
[TimeControl "180+2"]
[Date "2023.07.18"]
[WhiteClock "0:00:20"]
[BlackClock "0:00:03"]
[Board "190"]

1. e4 c6 2. Nf3 d5 3. d3 Bg4 4. h3 Bh5 5. Qe2 Nf6 6. e5 Nfd7 7. g4 Bg6 8. h4 h5 9. e6 fxe6 10. Ng5 Nf6 11. Nxe6 Qd7 12. g5 Ng4 13. f3 Qd6 14. Bf4 Qb4+ 15. c3 Qb6 16. fxg4 Na6 17. Bh3 Bf7 18. Nxf8 Kxf8 19. Rf1 hxg4 20. Bxg4 Kg8 21. g6 Bxg6 22. Be6+ Kh7 23. h5 Be8 24. Bf5+ Kg8 25. Be6+ Kh7 26. d4 Rf8 27. Na3 c5 28. O-O-O Rf6 29. Bxd5 cxd4 30. Rxd4 Rc8 31. Qd3+ Kh8 32. Nc4 Qc5 33. h6 Nb4 34. cxb4 Qxb4 35. hxg7+ Kxg7 36. Rg1+ Bg6 37. Rxg6+ Rxg6 38. Be5+ Kh7 39. Rh4# 1-0


[Site "https://www.chess.com"]

[Event "Titled Tuesday Blitz July 18 Early 2023"]
[White "Winkels, Marcel"]
[Black "Ziatdinov, Raset"]
[WhiteFideId "1003887"]
[BlackFideId "2015323"]
[WhiteElo "2090"]
[BlackElo "2295"]
[Result "0-1"]
[Round "6"]
[TimeControl "180+2"]
[Date "2023.07.18"]
[WhiteClock "0:00:26"]
[BlackClock "0:00:11"]
[Board "192"]

1. e4 e6 2. d4 d5 3. e5 c5 4. c3 Nc6 5. Nf3 Bd7 6. Bd3 Rc8 7. a3 cxd4 8. cxd4 g6 9. O-O Bg7 10. Nc3 a6 11. Bg5 f6 12. exf6 Nxf6 13. Re1 O-O 14. Ne5 Qc7 15. Nxc6 Qxc6 16. Rc1 Qd6 17. Qd2 Rce8 18. Bf4 Qe7 19. Be5 Qf7 20. h3 Nh5 21. Bxg7 Qxg7 22. Bf1 Re7 23. Ne2 Ref7 24. Rc7 Rxf2 25. Qe3 Qf7 26. Qe5 Rxf1+ 27. Rxf1 Qxf1+ 28. Kh2 Qf7 29. Qd6 Nf6 30. Rxb7 Qg7 31. Qe5 Rf7 32. Rb8+ Ne8 33. Nf4 Qxe5 34. dxe5 Rxf4 35. Rd8 Rf7 36. Kg3 Kf8 37. Ra8 Ke7 38. Rxa6 Rf5 39. Ra7 Rxe5 40. b4 Re3+ 41. Kh2 Nd6 42. a4 Ra3 43. b5 Nxb5 44. Ra8 Nc7 45. Ra7 Ne8 46. a5 Nd6 47. h4 Nc4 48. a6 Kd6 49. Ra8 Nb6 50. Rh8 Rxa6 51. Rxh7 d4 52. Rg7 d3 53. Rxg6 d2 0-1


[Site "https://www.chess.com"]

[Event "Titled Tuesday Blitz July 18 Early 2023"]
[White "abelmat"]
[Black "Clawitter, Craig"]
[BlackFideId "2023105"]
[WhiteElo "1953"]
[BlackElo "2286"]
[Result "1-0"]
[Round "6"]
[TimeControl "180+2"]
[Date "2023.07.18"]
[WhiteClock "0:00:13"]
[BlackClock "0:00:51"]
[Board "193"]

1. e4 e6 2. d4 d5 3. exd5 exd5 4. Nf3 Bd6 5. Bd3 Nc6 6. O-O Bg4 7. c3 Nge7 8. Bg5 f6 9. Bh4 Qd7 10. Nbd2 O-O-O 11. b4 Rde8 12. a4 g5 13. Bg3 Bxg3 14. hxg3 h5 15. a5 h4 16. gxh4 Bxf3 17. Qxf3 Rxh4 18. b5 Reh8 19. g3 Qh3 20. gxh4 Qxh4 21. Qg2 Nd8 22. Nf3 Qh5 23. Rfe1 Ng6 24. Bxg6 Qxg6 25. b6 a6 26. bxc7 Nf7 27. Re7 g4 28. Nh2 f5 29. Qxd5 Nd6 30. Qe6+ Qxe6 31. Rxe6 Ne4 32. Re7 Nxf2 33. Rae1 g3 34. Re8+ Rxe8 35. Rxe8+ Kxc7 36. Nf3 Ne4 37. Rf8 Nxc3 38. Rxf5 Nb5 39. d5 b6 40. axb6+ Kxb6 41. Rf6+ Kb7 42. d6 a5 43. d7 Kc7 44. Ne5 a4 45. Ra6 a3 46. Ra5 Nd6 47. Rxa3 Nb7 48. Rxg3 Kd6 49. Rd3+ Kxe5 50. d8=Q Nxd8 51. Rxd8 Ke6 52. Rd4 Ke5 53. Ra4 Kd5 54. Kf2 Kc5 55. Ke3 Kb5 56. Rh4 Kc5 57. Kd3 Kb5 58. Kc3 Kc6 59. Rh5 Kd6 60. Kd4 Ke6 61. Ra5 Kf6 62. Ke4 Kg6 63. Kf4 Kh6 64. Kg4 Kg6 65. Ra6+ Kf7 66. Kf5 Ke8 67. Ke6 Kd8 68. Ra7 Kc8 69. Rh7 Kb8 70. Kd6 Ka8 71. Kc6 Kb8 72. Rg7 Ka8 73. Kb6 Kb8 74. Rg8# 1-0


[Site "https://www.chess.com"]

[Event "Titled Tuesday Blitz July 18 Early 2023"]
[White "Lohani, Sujana"]
[Black "Quirke, Jeffrey"]
[WhiteFideId "12311987"]
[BlackFideId "2013029"]
[WhiteElo "1928"]
[BlackElo "2236"]
[Result "1-0"]
[Round "6"]
[TimeControl "180+2"]
[Date "2023.07.18"]
[WhiteClock "0:01:22"]
[BlackClock "0:00:10"]
[Board "194"]

1. d4 e6 2. Nf3 f5 3. c4 Nf6 4. Nc3 Bb4 5. Bd2 O-O 6. Qc2 Bxc3 7. Bxc3 Ne4 8. Bb4 d6 9. e3 b6 10. Bd3 Bb7 11. Rd1 Nd7 12. O-O Rf6 13. Nd2 Nxd2 14. Rxd2 Rg6 15. d5 exd5 16. Bxf5 Rxg2+ 17. Kxg2 Qg5+ 18. Kh1 Ne5 19. f4 d4+ 20. Be4 d3 21. Bxb7 dxc2 22. fxg5 1-0


[Site "https://www.chess.com"]

[Event "Titled Tuesday Blitz July 18 Early 2023"]
[White "Saim, Mohamed Ilias"]
[Black "Cardenas Carbajal, Nilson"]
[WhiteFideId "7900465"]
[BlackFideId "8401128"]
[WhiteElo "1904"]
[BlackElo "2170"]
[Result "0-1"]
[Round "6"]
[TimeControl "180+2"]
[Date "2023.07.18"]
[WhiteClock "0:02:11"]
[BlackClock "0:02:41"]
[Board "195"]

1. c4 e5 2. g3 Nc6 3. Bg2 f5 4. Nc3 Nf6 5. d3 Bb4 6. Bd2 O-O 7. a3 Bxc3 8. Bxc3 d6 9. Nh3 Qe8 10. O-O Qg6 11. b4 f4 12. b5 Ne7 13. gxf4 Bxh3 0-1


[Site "https://www.chess.com"]

[Event "Titled Tuesday Blitz July 18 Early 2023"]
[White "Lisjak, Zlatko"]
[Black "Navyblue1"]
[WhiteFideId "14502186"]
[WhiteElo "2154"]
[BlackElo "1864"]
[Result "1-0"]
[Round "6"]
[TimeControl "180+2"]
[Date "2023.07.18"]
[WhiteClock "0:00:28"]
[BlackClock "0:00:00"]
[Board "196"]

1. d4 Nf6 2. Nc3 d5 3. Bf4 c6 4. e3 b5 5. Bd3 Bg4 6. f3 Bc8 7. g4 b4 8. Nce2 Qb6 9. h4 Ba6 10. g5 Bxd3 11. Qxd3 Nfd7 12. O-O-O Qa6 13. h5 Qxd3 14. cxd3 e6 15. Kb1 Na6 16. Rc1 Rc8 17. Nh3 Be7 18. Nf2 Nab8 19. e4 f6 20. gxf6 gxf6 21. Rhg1 e5 22. Be3 Na6 23. f4 exf4 24. Nxf4 dxe4 25. dxe4 Nc7 26. d5 cxd5 27. Nxd5 Kd8 28. Bxa7 Nxd5 29. exd5 Rxc1+ 30. Rxc1 Bd6 31. Ne4 Bf4 32. Rc6 Be5 33. Bb6+ Nxb6 34. Rxb6 Ke7 35. Rb7+ Kd8 36. Rxb4 1-0


[Site "https://www.chess.com"]

[Event "Titled Tuesday Blitz July 18 Early 2023"]
[White "Castillo Pena, Patricia Evarista"]
[Black "Guevara Sanchez, Erick Marvin"]
[WhiteFideId "6412106"]
[BlackFideId "6700136"]
[WhiteElo "1831"]
[BlackElo "2124"]
[Result "1-0"]
[Round "6"]
[TimeControl "180+2"]
[Date "2023.07.18"]
[WhiteClock "0:00:51"]
[BlackClock "0:01:36"]
[Board "197"]

1. d4 Nf6 2. Nf3 e6 3. e3 b6 4. Bd3 Bb7 5. O-O Be7 6. b3 O-O 7. Bb2 d5 8. Nbd2 Nbd7 9. Ne5 Nxe5 10. dxe5 Nd7 11. f4 f5 12. c4 Nc5 13. Be2 Ne4 14. Nxe4 dxe4 15. Qxd8 Raxd8 16. Rfd1 Bc5 17. Bd4 Bxd4 18. Rxd4 Rxd4 19. exd4 Rd8 20. Rd1 c5 21. d5 Kf8 22. d6 Ke8 23. Kf2 Kd7 24. Ke3 Rg8 25. g4 g6 26. h4 h6 27. Rg1 g5 28. hxg5 hxg5 29. fxg5 Rxg5 30. Kf4 Rg7 31. Rg3 a6 32. gxf5 Rxg3 33. fxe6+ Kxe6 34. Kxg3 Bc6 35. Kf4 a5 36. Bg4+ Kf7 37. Bf5 e3 38. Kxe3 a4 39. Be4 Bd7 40. Bd5+ Ke8 41. e6 Bc8 42. Bc6+ Kd8 43. e7# 1-0


[Site "https://www.chess.com"]

[Event "Titled Tuesday Blitz July 18 Early 2023"]
[White "Nan M K Khine Hlyan"]
[Black "Hrescak, Ivana"]
[WhiteFideId "13002899"]
[BlackFideId "14613441"]
[WhiteElo "1750"]
[BlackElo "2121"]
[Result "0-1"]
[Round "6"]
[TimeControl "180+2"]
[Date "2023.07.18"]
[WhiteClock "0:00:50"]
[BlackClock "0:00:28"]
[Board "198"]

1. e4 e5 2. Nf3 Nc6 3. Bb5 a6 4. Ba4 b5 5. Bb3 g6 6. d4 exd4 7. Nxd4 Na5 8. O-O Bg7 9. Bxf7+ Kxf7 10. Qf3+ Qf6 11. Bf4 g5 12. e5 Qxf4 13. Qd5+ Kg6 14. Qxa8 Ne7 15. c3 Bb7 16. Qa7 Bxe5 17. g3 Bxd4 18. Qxd4 Qf3 19. Qd3+ Qxd3 20. f3 Nf5 21. Na3 Re8 22. Rad1 Qe3+ 23. Kh1 d6 24. Rfe1 Qxe1+ 25. Rxe1 Rxe1+ 26. Kg2 Re2+ 27. Kh3 Bxf3 28. c4 g4# 0-1


[Site "https://www.chess.com"]

[Event "Titled Tuesday Blitz July 18 Early 2023"]
[White "Sarana, Alexey"]
[Black "Nakamura, Hikaru"]
[WhiteFideId "24133795"]
[BlackFideId "2016192"]
[WhiteElo "3042"]
[BlackElo "3257"]
[Result "0-1"]
[Round "7"]
[TimeControl "180+2"]
[Date "2023.07.18"]
[WhiteClock "0:00:00"]
[BlackClock "0:00:18"]
[Board "1"]

1. d4 a6 2. e4 c6 3. Bd3 d5 4. e5 c5 5. c3 Nc6 6. Ne2 e6 7. O-O cxd4 8. cxd4 Nb4 9. Nbc3 Nxd3 10. Qxd3 Ne7 11. Bg5 Bd7 12. Bxe7 Bxe7 13. f4 g6 14. Rac1 Rc8 15. Rc2 O-O 16. g4 f5 17. g5 b5 18. a3 a5 19. Rfc1 Qb6 20. Nd1 b4 21. Rxc8 Bxc8 22. axb4 axb4 23. Kf2 Ba6 24. Qd2 h6 25. h4 Kf7 26. Ne3 Rh8 27. Ng2 Bc4 28. Ng3 b3 29. Ra1 Rc8 30. Ne3 hxg5 31. hxg5 Bb4 32. Qd1 Rh8 33. Kg2 Rh4 34. Ra8 Be7 35. Kf3 Bb5 36. Qd2 Bb4 37. Qd1 Rh2 38. Ng2 Be7 39. Qg1 Rh3 40. Qd1 Qc6 41. Ne3 Qxa8 42. Qxb3 Qa6 43. Kg2 Rh8 44. Nxd5 Bc6 0-1


[Site "https://www.chess.com"]

[Event "Titled Tuesday Blitz July 18 Early 2023"]
[White "Dubov, Daniil"]
[Black "Carlsen, Magnus"]
[WhiteFideId "24126055"]
[BlackFideId "1503014"]
[WhiteElo "3106"]
[BlackElo "3282"]
[Result "1-0"]
[Round "7"]
[TimeControl "180+2"]
[Date "2023.07.18"]
[WhiteClock "0:00:05"]
[BlackClock "0:00:00"]
[Board "2"]

1. c4 a6 2. g3 e6 3. Bg2 Nf6 4. Nf3 b5 5. b3 Bb7 6. O-O Be7 7. d4 O-O 8. Bb2 c5 9. d5 exd5 10. Nh4 Ne4 11. Bxe4 dxe4 12. Nf5 Bf6 13. Qc1 Nc6 14. Rd1 e3 15. fxe3 b4 16. Nd2 Ne5 17. Nd6 Bc6 18. N2e4 Ng4 19. Nxf6+ Nxf6 20. Nf5 Re8 21. Nxg7 Kxg7 22. Rf1 Re6 23. e4 h6 24. Qf4 Qe7 25. Rf2 Rg8 26. Raf1 Kh7 27. Bxf6 Qe8 28. e5 d5 29. exd6 Rg6 30. Be7 f6 31. h3 Qd7 32. Kh2 Re4 33. Qf5 Qxf5 34. Rxf5 Rxe2+ 35. R1f2 Rg5 36. Rxe2 Rxf5 37. Rd2 Bd7 38. g4 Rf3 39. Kg2 Rc3 40. Bxf6 Re3 41. Bd8 Kg6 42. Bb6 Bc6+ 43. Kh2 Bd7 44. Bxc5 Rf3 45. Bxb4 h5 46. gxh5+ Kxh5 47. Kg2 Rxh3 48. Rd5+ Kg4 49. Rd4+ Kg5 50. Bd2+ Kf6 51. c5 Rh5 52. b4 Ke5 53. Bc3 Ke6 54. Kg3 Rh1 55. Kf4 Rc1 56. Rd3 Rc2 57. a3 1-0


[Site "https://www.chess.com"]

[Event "Titled Tuesday Blitz July 18 Early 2023"]
[White "He, Anthony"]
[Black "Martinez Alcantara, Jose Eduardo"]
[WhiteFideId "2088215"]
[BlackFideId "3805662"]
[WhiteElo "2961"]
[BlackElo "3036"]
[Result "1-0"]
[Round "7"]
[TimeControl "180+2"]
[Date "2023.07.18"]
[WhiteClock "0:00:23"]
[BlackClock "0:00:04"]
[Board "3"]

1. e4 c5 2. Ne2 d6 3. g3 Nf6 4. Bg2 g6 5. c3 Bg7 6. d4 O-O 7. O-O Nc6 8. h3 e5 9. Be3 b6 10. Nd2 Re8 11. Re1 Ba6 12. d5 Ne7 13. Qa4 Qc8 14. b4 Nd7 15. a3 f5 16. c4 Nf6 17. bxc5 bxc5 18. Rab1 Nd7 19. Qc2 Qc7 20. Rb3 Nb6 21. Reb1 Rf8 22. h4 fxe4 23. Bxe4 Nf5 24. h5 Qd7 25. hxg6 hxg6 26. Kg2 Rf7 27. f3 Raf8 28. Bf2 Bf6 29. g4 Rg7 30. Rh1 Bg5 31. Kf1 Qf7 32. f4 Nd4 33. Rbh3 Rh7 34. Rxh7 Qxh7 35. Nxd4 Qe7 36. Ne6 Bxf4 37. Bxg6 Rf6 38. Be4 Be3 39. Bh7+ Kf7 40. Bf5 Nxd5 41. Rh7+ Ke8 42. Rxe7+ Kxe7 43. Qa4 Bxd2 44. Qxa6 Ne3+ 45. Bxe3 Rxf5+ 46. gxf5 Bxe3 47. Qxa7+ Kf6 48. Qd7 Kxf5 49. Nxc5+ Kf4 50. Qxd6 Bd4 51. Ne6+ Ke3 52. Nxd4 exd4 53. c5 d3 54. Ke1 Ke4 55. c6 Kf5 56. c7 d2+ 57. Kxd2 Ke4 58. Qd3+ Ke5 59. Qe3+ Kd5 60. c8=Q Kd6 61. Qcc5+ Kd7 62. Qee7# 1-0


[Site "https://www.chess.com"]

[Event "Titled Tuesday Blitz July 18 Early 2023"]
[White "Svane, Rasmus"]
[Black "Firouzja, Alireza"]
[WhiteFideId "4657101"]
[BlackFideId "12573981"]
[WhiteElo "2981"]
[BlackElo "3101"]
[Result "0-1"]
[Round "7"]
[TimeControl "180+2"]
[Date "2023.07.18"]
[WhiteClock "0:00:10"]
[BlackClock "0:01:41"]
[Board "4"]

1. Nf3 Nf6 2. g3 g6 3. Bg2 Bg7 4. O-O O-O 5. d4 d6 6. Re1 Nbd7 7. e4 e5 8. Nc3 c6 9. a4 Re8 10. h3 Qc7 11. Be3 b6 12. Qd2 Bb7 13. Rad1 a6 14. g4 b5 15. dxe5 Nxe5 16. Nxe5 dxe5 17. Qd6 Qxd6 18. Rxd6 h5 19. g5 Nh7 20. h4 Nf8 21. Bh3 Bc8 22. Bxc8 Rexc8 23. axb5 axb5 24. b3 Ne6 25. Red1 Bf8 26. Rd7 Bb4 27. R1d3 Kg7 28. Kg2 Bc5 29. Rb7 Bxe3 30. Rxe3 Rd8 31. Rb6 Rd2 32. Rxc6 Rxc2 33. Rxe6 fxe6 34. Nxb5 Rf8 35. Rf3 Rxf3 36. Kxf3 Rb2 37. Nd6 Rxb3+ 38. Kg2 Rb4 39. Kf3 Kf8 40. Ke3 Ke7 41. Nc8+ Kd7 42. Na7 0-1


[Site "https://www.chess.com"]

[Event "Titled Tuesday Blitz July 18 Early 2023"]
[White "Duda, Jan-Krzysztof"]
[Black "Ter-Sahakyan, Samvel"]
[WhiteFideId "1170546"]
[BlackFideId "13302531"]
[WhiteElo "3018"]
[BlackElo "2851"]
[Result "1-0"]
[Round "7"]
[TimeControl "180+2"]
[Date "2023.07.18"]
[WhiteClock "0:00:10"]
[BlackClock "0:00:01"]
[Board "5"]

1. d4 Nf6 2. c4 e6 3. Nf3 c5 4. g3 cxd4 5. Nxd4 d5 6. Bg2 e5 7. Nf3 d4 8. O-O Nc6 9. e3 Be7 10. exd4 exd4 11. Bf4 O-O 12. Ne5 Nxe5 13. Bxe5 Bc5 14. Nd2 Ng4 15. Nf3 d3 16. Bc3 a5 17. Qd2 Re8 18. Rae1 Rxe1 19. Nxe1 Bf5 20. h3 Nf6 21. Qg5 Bd4 22. Qxf5 Bxc3 23. Nxd3 Bd4 24. Bxb7 Rb8 25. Bf3 g6 26. Qf4 Bxb2 27. Nxb2 Rxb2 28. Qe5 Rd2 29. c5 Nd7 30. Qc3 Rxa2 31. c6 Nf6 32. c7 1-0


[Site "https://www.chess.com"]

[Event "Titled Tuesday Blitz July 18 Early 2023"]
[White "Kamsky, Gata"]
[Black "Harsh Suresh"]
[WhiteFideId "2000024"]
[BlackFideId "45018464"]
[WhiteElo "3017"]
[BlackElo "2845"]
[Result "1/2-1/2"]
[Round "7"]
[TimeControl "180+2"]
[Date "2023.07.18"]
[WhiteClock "0:00:23"]
[BlackClock "0:00:16"]
[Board "6"]

1. d4 g6 2. c3 Bg7 3. Nf3 d6 4. Bg5 Nf6 5. Nbd2 O-O 6. e4 c5 7. dxc5 dxc5 8. Bc4 Nc6 9. O-O h6 10. Bh4 g5 11. Bg3 Ng4 12. Be2 Nge5 13. Nxe5 Nxe5 14. Nc4 Qxd1 15. Rfxd1 Ng6 16. Ne3 b6 17. Bc4 Bb7 18. Bd5 Bxd5 19. Rxd5 e6 20. Rd7 Be5 21. Rad1 Bxg3 22. hxg3 Ne5 23. R7d6 g4 24. Kf1 Rfc8 25. Ke2 Kf8 26. f4 gxf3+ 27. gxf3 Ke7 28. f4 Ng6 29. Rd7+ Kf8 30. Nc4 h5 31. Nd6 Rd8 32. Rxf7+ Kg8 33. Rf6 Nf8 34. e5 Rd7 35. Rh6 Rh7 36. Rxh7 Kxh7 37. Ne4 Kg6 38. Kf3 Kf7 39. Rh1 Kg6 40. Nf6 Rd8 41. Ke3 c4 42. Nxh5 Rd3+ 43. Ke2 Kf5 44. Rh4 Ng6 45. Ng7+ Ke4 46. Rh6 Rxg3 47. Kf2 Rg4 48. Nxe6 Nxf4 49. Nxf4 Rxf4+ 50. Ke2 Kxe5 51. Rh7 Rg4 52. Kd2 Rg2+ 53. Kc1 Rg1+ 54. Kc2 Rg2+ 55. Kc1 Rg1+ 56. Kc2 Rg2+ 57. Kc1 1/2-1/2


[Site "https://www.chess.com"]

[Event "Titled Tuesday Blitz July 18 Early 2023"]
[White "Xu, Xiangyu"]
[Black "Bachmann, Axel"]
[WhiteFideId "8608288"]
[BlackFideId "3700488"]
[WhiteElo "2996"]
[BlackElo "2809"]
[Result "0-1"]
[Round "7"]
[TimeControl "180+2"]
[Date "2023.07.18"]
[WhiteClock "0:00:29"]
[BlackClock "0:00:51"]
[Board "7"]

1. d4 Nf6 2. c4 e6 3. Nc3 Bb4 4. f3 c5 5. d5 d6 6. e4 O-O 7. Ne2 b5 8. Nf4 exd5 9. Nxd5 Nxd5 10. Qxd5 Qb6 11. cxb5 Bb7 12. Qg5 a6 13. Bd2 Nd7 14. a3 axb5 15. Bxb5 Ne5 16. Be2 c4 17. Rb1 Bc5 18. Kf1 f5 19. exf5 d5 20. Bf4 Nd3 21. Bxd3 cxd3 22. Be5 Rf7 23. Qd2 Be3 24. Qd1 d4 25. Ne4 Rxf5 26. Nd6 Rxe5 27. Nc4 Qb5 28. Nxe5 d2+ 29. Qe2 Qxe5 0-1


[Site "https://www.chess.com"]

[Event "Titled Tuesday Blitz July 18 Early 2023"]
[White "Wagner, Dennis"]
[Black "Oparin, Grigoriy"]
[WhiteFideId "24650684"]
[BlackFideId "24125890"]
[WhiteElo "2785"]
[BlackElo "2987"]
[Result "0-1"]
[Round "7"]
[TimeControl "180+2"]
[Date "2023.07.18"]
[WhiteClock "0:00:00"]
[BlackClock "0:00:39"]
[Board "8"]

1. d4 Nf6 2. Nf3 b6 3. c4 Bb7 4. g3 e5 5. dxe5 Ng4 6. Bg2 Nxe5 7. Nbd2 Bb4 8. O-O Bxd2 9. Nxe5 Bxg2 10. Kxg2 Bxc1 11. Qd5 O-O 12. Raxc1 c6 13. Qf3 Qe7 14. Ng4 Na6 15. Rc3 h5 16. Ne3 g6 17. Rd1 Rfe8 18. Rcd3 Nc5 19. Rd6 Rad8 20. b3 a5 21. h4 Ne4 22. R6d4 Qe6 23. Qf4 Re7 24. Qc7 Rde8 25. Rxd7 Nxf2 26. Rxe7 Rxe7 27. Rd8+ Kg7 28. Qb8 Qe4+ 29. Kf1 Qxe3 30. Rg8+ Kf6 31. Qd6+ Re6 32. Qd8+ Kf5 33. Qg5+ Qxg5 34. hxg5 Ne4 0-1


[Site "https://www.chess.com"]

[Event "Titled Tuesday Blitz July 18 Early 2023"]
[White "Klimkowski, Jan"]
[Black "Kramnik, Vladimir"]
[WhiteFideId "21856222"]
[BlackFideId "4101588"]
[WhiteElo "2785"]
[BlackElo "2984"]
[Result "0-1"]
[Round "7"]
[TimeControl "180+2"]
[Date "2023.07.18"]
[WhiteClock "0:00:43"]
[BlackClock "0:01:18"]
[Board "9"]

1. e4 c5 2. Nf3 e6 3. d4 cxd4 4. Nxd4 Nf6 5. Nc3 Nc6 6. Nxc6 bxc6 7. e5 Nd5 8. Ne4 Qc7 9. f4 a5 10. a3 Qb6 11. Qf3 Be7 12. c4 f5 13. Nf2 Nc7 14. Nd1 O-O 15. Be3 c5 16. Bd3 Bh4+ 17. Bf2 Bb7 18. Qh3 Bxf2+ 19. Kxf2 Rad8 20. Re1 d5 21. Re2 dxc4 22. Bxc4 Rd4 23. Rc1 Rxf4+ 24. Kg1 Nd5 25. Nc3 Rxc4 0-1


[Site "https://www.chess.com"]

[Event "Titled Tuesday Blitz July 18 Early 2023"]
[White "Galperin, Platon"]
[Black "Skvortsov, Andrei"]
[WhiteFideId "14165414"]
[BlackFideId "24108600"]
[WhiteElo "2980"]
[BlackElo "2764"]
[Result "1-0"]
[Round "7"]
[TimeControl "180+2"]
[Date "2023.07.18"]
[WhiteClock "0:01:53"]
[BlackClock "0:00:03"]
[Board "10"]

1. e4 c5 2. Nf3 d6 3. Nc3 Nf6 4. e5 dxe5 5. Nxe5 a6 6. g3 Nbd7 7. d4 Nxe5 8. dxe5 Qxd1+ 9. Nxd1 Nd5 10. Bg2 e6 11. Ne3 Nxe3 12. Bxe3 Kd7 13. O-O-O+ Kc7 14. Rd2 Be7 15. Rhd1 Rb8 16. h4 h6 17. a4 b6 18. a5 bxa5 19. Rd3 Rb4 20. Bd2 Ra4 21. b3 Ra1+ 22. Kb2 Rxd1 23. Bxa5+ Kb8 24. Rxd1 f6 25. Bc3 Rd8 26. exf6 Rxd1 27. fxe7 Bd7 28. h5 Be8 29. Bxg7 Rd2 30. g4 Rxf2 31. Be4 Kc8 32. Bxh6 Re2 33. Bd3 Rg2 34. Bxa6+ Kd7 35. Bf8 Kd6 36. Bb5 1-0


[Site "https://www.chess.com"]

[Event "Titled Tuesday Blitz July 18 Early 2023"]
[White "Pranav, V"]
[Black "Atakhan, Abtin"]
[WhiteFideId "25060783"]
[BlackFideId "22502203"]
[WhiteElo "2961"]
[BlackElo "2747"]
[Result "1-0"]
[Round "7"]
[TimeControl "180+2"]
[Date "2023.07.18"]
[WhiteClock "0:00:02"]
[BlackClock "0:00:02"]
[Board "11"]

1. e4 c5 2. Nf3 d6 3. c3 Nf6 4. Be2 g6 5. O-O Bg7 6. Re1 O-O 7. Bf1 Bg4 8. d3 Nc6 9. Nbd2 e5 10. h3 Be6 11. a3 h6 12. b4 b6 13. Bb2 Qc7 14. d4 exd4 15. cxd4 Nh5 16. Rc1 Qe7 17. e5 Nxd4 18. Nxd4 cxd4 19. Bxd4 Rfd8 20. Qf3 dxe5 21. Bxe5 Bxe5 22. Rxe5 Qd6 23. Re2 Nf4 24. Re4 Nxh3+ 25. gxh3 Qxd2 26. Rc7 Qd6 27. Qc3 Rdc8 28. Rxc8+ Rxc8 29. Qe3 Kh7 30. Rh4 h5 31. Bd3 Qd5 32. Be4 Qb5 33. a4 Qxa4 34. Rxh5+ Kg8 35. Rh6 Qd1+ 36. Kg2 Bd5 37. Rh4 Re8 38. Kh2 Qf1 39. Qd4 f6 40. Bxd5+ Kg7 41. Rf4 Re1 42. Qxf6+ Kh7 43. Rh4# 1-0


[Site "https://www.chess.com"]